 Dungeon Crawl Stone Soup version 0.31.0-32-g396128a36d (webtiles) character file.

Game seed: 2763783306534265444

7282 araganzar the Fighter (level 10, -7/83 HPs)
             Began as a Demonspawn Reaver on Apr 19, 2024.
             Was a Follower of Makhleb.
             Mangled by Grum
             ... wielding a +0 spear
              (14 damage)
             ... on level 9 of the Dungeon.
             The game lasted 00:23:41 (8546 turns).

araganzar the Fighter (Demonspawn Reaver)           Turns: 8546, Time: 00:23:42

Health: -7/83      AC: 16    Str: 16    XL:     10   Next: 89%
Magic:  0/22       EV: 13    Int: 14    God:    Makhleb [*.....]
Gold:   479        SH:  5    Dex: 12    Spells: 12/13 levels left

rFire   . . .        b - +0 orcbow
rCold   . . .        (shield currently unavailable)
rNeg    . . .        s - +0 chain mail {Will+}
rPois   +            (helmet restricted)
rElec   .            H - scarf {shadows}
rCorr   .            (no gloves)
SInv    .            O - +2 pair of boots
Will    +....        P - amulet of reflection Stlth
                     J - ring of magical power {MP+9}
HPRegen 0.33/turn    M - +5 ring of evasion
MPRegen 0.36/turn

%: reflection, guardian spirit
@: mighty
A: horns 1, slimy green scales 3, magic shield, magic regeneration
a: Renounce Religion


You were on level 9 of the Dungeon.
You worshipped Makhleb.
Makhleb was aware of your devotion.
You visited 2 branches of the dungeon, and saw 10 of its levels.
You also visited: Sewer.

You collected 479 gold pieces.


Innate Abilities, Weirdness & Mutations

You have a pair of small horns on your head.
You are completely covered in slimy green scales. (AC +4, rPois)
When hurt, damage is shared between your health and your magic reserves.
You regenerate magic rapidly.


   Skills:
 + Level 9.6 Fighting
 - Level 8.4 Maces & Flails
 - Level 4.0 Throwing
 - Level 4.0 Armour
 - Level 4.0 Dodging
 - Level 6.5 Unarmed Combat
 - Level 2.0 Spellcasting
 - Level 3.0 Conjurations
 - Level 4.0 Invocations


You had 12 spell levels left.
You knew the following spells:

 Your Spells              Type           Power      Damage    Failure   Level
a - Kiss of Death         Conj/Necr      20%        2d7       82%         1

Your spell library contained the following spells:

 Spells                   Type           Power      Damage    Failure   Level
 Momentum Strike          Conj/Tloc      10%        3d8       91%         2
 Hailstorm                Conj/Ice       5%         3d5       99%         3
 Chain Lightning          Conj/Air       2%         3d3       100%        9
 Fire Storm               Conj/Fire      2%         8d1       100%        9
 Shatter                  Erth           0%         3d5*      100%        9

Inventory:

Hand Weapons
 a - the +11 whip of Eretoub {venom, rF+ Dex+3}
   (You found it on level 5 of the Dungeon)

   Dex+3:     It affects your dexterity (+3).
   rF+:       It protects you from fire.
 b - a +0 orcbow (weapon)
   (You took it off a centaur on level 8 of the Dungeon)
 A - a +0 trident
   (You found it on level 4 of the Dungeon)
 E - a +0 sling
   (You found it on level 3 of the Dungeon)
 F - the +4 long sword "Lubauwu" {drain, Int+3 Dex+3}
   (You found it on level 5 of the Dungeon)

   Int+3:     It affects your intelligence (+3).
   Dex+3:     It affects your dexterity (+3).
Missiles
 m - 5 boomerangs
 q - 14 poisoned darts
 r - 5 atropa-tipped darts
 I - 2 throwing nets {=f, !d}
Armour
 c - a +0 ring mail
   (You found it on level 1 of the Dungeon)
 s - a +0 chain mail of willpower (worn)
   (You found it on level 3 of the Dungeon)
 w - a +0 leather armour
 H - a scarf of shadows (worn)
   (You found it on level 6 of the Dungeon)
 N - a +0 kite shield
   (You took it off a gnoll sergeant on level 8 of the Dungeon)
 O - a +2 pair of boots (worn)
   (You found it on level 1 of the Dungeon)
Jewellery
 J - a ring of magical power (left hand) {MP+9}
   (You found it on level 6 of the Dungeon)
 M - a +5 ring of evasion (right hand)
   (You found it on level 7 of the Dungeon)
 P - an amulet of reflection (around neck)
   (You found it on level 8 of the Dungeon)
Wands
 l - a wand of roots (11)
   (You found it on level 2 of the Dungeon)
 v - a wand of digging (4)
   (You found it on level 3 of the Dungeon)
 C - a wand of mindburst (4)
   (You found it on level 5 of the Dungeon)
Scrolls
 d - 2 scrolls of enchant armour
 e - a scroll of poison {!r}
 h - 2 scrolls of noise {unknown}
 i - 3 scrolls of amnesia
 k - a scroll of fog {unknown}
 n - 2 scrolls of immolation {!r}
 o - a scroll of brand weapon {unknown}
 u - a scroll of enchant weapon {unknown}
 y - a scroll of fear {unknown}
 B - a scroll of silence {unknown}
 D - a scroll of teleportation
Potions
 f - a potion of heal wounds
 g - 3 potions of magic {unknown}
 j - a potion of brilliance {unknown}
 p - a potion of might
 t - a potion of cancellation {unknown}
 x - a potion of mutation {unknown}
 z - 3 potions of attraction {unknown}
 G - 2 potions of curing {unknown}
 K - a potion of resistance {unknown}
 L - 2 potions of haste {unknown}

#.#### #. ......
#####.#### .....▒
#........###.....+
#..>.....#.......▒
#..>.....#h#......
#........#g#.....h
#........{.#...h.g
#.......@###....$.
#####.#### ....).
#.### ###### #...#
###.# #.#
##########.##
#...........#
#.###.......#


You could see Grum and a wolf.


Message History

Unknown command.
Okay, then.
Unknown command.
The +11 whip of Eretoub {venom, rF+ Dex+3} stops dripping with poison.
b - a +0 orcbow (weapon)
The grasping roots constrict Grum.
The grasping roots constrict something.
Grum hits you from afar with a +0 spear!
* * * LOW HITPOINT WARNING * * *
You take 10 damage, and have 6/83 hp.
Unknown command.
Unknown command.
Unknown command.
Unknown command.
You feel much better.
The grasping roots constrict Grum.
The grasping roots constrict something.
Something hits you!
* * * LOW HITPOINT WARNING * * *
You block something's attack. Grum hits you but does no damage.
You regained 9 hp, and now have 15/83 hp.
You now have 0/22 mp.
Unknown command.
Unknown command.
You shoot an arrow. The arrow hits Grum.
The grasping roots constrict Grum!
The roots release their grip on Grum.
Something hits you.
* * * LOW HITPOINT WARNING * * *
Something bites you but does no damage.
Grum hits you from afar with a +0 spear!
* * * LOW HITPOINT WARNING * * *
Something hits you but does no damage. Something bites you but does no damage.
Grum hits you from afar with a +0 spear!
You die...

Action                     |  1- 3 |  4- 6 |  7- 9 | 10-12 || total
---------------------------+-------+-------+-------+-------++-------
  Melee: Unarmed           |   147 |   279 |    14 |       ||   440
         Punch             |     2 |    10 |    12 |     8 ||    32
         Headbutt          |       |    21 |    61 |    53 ||   135
         Whip              |       |       |   251 |   203 ||   454
   Fire: Sling             |       |     5 |       |       ||     5
         Orcbow            |       |       |       |     4 ||     4
  Throw: Dart              |       |       |    12 |     4 ||    16
  Evoke: Wand              |       |     1 |       |     2 ||     3
    Use: Scroll            |       |     8 |     1 |       ||     9
         Potion            |       |       |       |     3 ||     3
 Armour: Leather armour    |    33 |       |       |       ||    33
         Ring mail         |    49 |   176 |    94 |       ||   319
         Chain mail        |       |       |    62 |   158 ||   220
  Dodge: Dodged            |    88 |   113 |   130 |   106 ||   437
  Block: Other             |       |       |       |    13 ||    13

Levels and vault maps discovered:
D:1:      lightli_arrival_farm, layout_rooms
D:2:      layout_basic
D:3:      layout_loops_ring, minmay_overflow_temple_star_quad,
          ebering_ghost_rock_garden, kennysheep_donut
D:4:      layout_basic, mainiacjoe_sewer_entry_somewhere_in_here_2
D:5:      layout_basic, serial_undead, serial_undead_b, serial_undead_c,
          serial_undead_c, serial_undead_f, serial_undead_d, serial_undead_a,
          sigmund_edmund_badplayer, uniq_prince_ribbit1
D:6:      minmay_flawed_box, layout_basic, kennysheep_little_box,
          uniq_blork_the_orc, uniq_menkaure
D:7:      layout_layer_cave, minmay_temple_entry_enclosed_plants,
          guppyfry_shop_venom, uniq_maurice
D:8:      layout_rooms, uniq_maggie, uniq_psyche
D:9:      layout_roguey, nicolae_tso_carved_into_rock, nzn_life_drinkers,
          uniq_grum, uniq_jeremiah
Temple:   lightli_temple_of_artemis

Notes
Turn   | Place    | Note
-------+----------+-------------------------------------------
     0 | D:1      | araganzar the Demonspawn Reaver began the quest for the
                  | Orb.
     0 | D:1      | Reached XP level 1. HP: 16/16 MP: 3/3
    84 | D:1      | Reached skill level 3 in Unarmed Combat
   100 | D:1      | Gained mutation: You regenerate magic rapidly. [demonic
                  | ancestry]
   100 | D:1      | Reached XP level 2. HP: 18/22 MP: 5/5
   773 | D:2      | Gained mutation: When hurt, damage is shared between your
                  | health and your magic reserves. [demonic ancestry]
   773 | D:2      | Reached XP level 3. HP: 11/27 MP: 6/6
   969 | D:2      | Reached skill level 4 in Unarmed Combat
  1562 | D:3      | Reached XP level 4. HP: 32/33 MP: 7/7
  1568 | D:3      | Found a runed translucent gate.
  1569 | D:3      | Found a runed translucent gate.
  1570 | D:3      | Found a runed translucent gate.
  1573 | D:3      | Noticed runthedishwasher's ghost (amateur SpEn)
  1955 | D:3      | Found a sparkling altar of Nemelex Xobeh.
  1981 | D:3      | Found a shadowy altar of Dithmenos.
  2429 | D:3      | Found a shimmering altar of Xom.
  2711 | D:4      | Reached skill level 5 in Unarmed Combat
  2724 | D:4      | Found a glowing drain.
  2750 | Sewer    | Entered a sewer
  2838 | Sewer    | Gained mutation: You have a pair of small horns on your
                  | head. [demonic ancestry]
  2838 | Sewer    | Reached XP level 5. HP: 38/38 MP: 8/8
  3094 | Sewer    | Reached skill level 6 in Unarmed Combat
  3326 | Sewer    | Reached skill level 3 in Fighting
  3326 | Sewer    | Gained mutation: You are partially covered in slimy green
                  | scales. (AC +2) [demonic ancestry]
  3326 | Sewer    | Reached XP level 6. HP: 27/47 MP: 5/9
  4199 | D:5      | Entered Level 5 of the Dungeon
  4241 | D:5      | Reached skill level 4 in Fighting
  4249 | D:5      | Reached skill level 2 in Dodging
  4435 | D:5      | Reached skill level 1 in Armour
  4435 | D:5      | Gained mutation: You are mostly covered in slimy green
                  | scales. (AC +3) [demonic ancestry]
  4435 | D:5      | Reached XP level 7. HP: 54/54 MP: 10/10
  4488 | D:5      | Identified the +11 whip of Eretoub {venom, rF+ Dex+3}
  4517 | D:5      | Identified the +4 long sword "Lubauwu" {drain, Int+3 Dex+3}
  4541 | D:5      | Reached skill level 2 in Armour
  4551 | D:5      | Reached skill level 3 in Dodging
  4560 | D:5      | Reached skill level 1 in Maces & Flails
  4592 | D:5      | Reached skill level 2 in Maces & Flails
  4610 | D:5      | Reached skill level 3 in Maces & Flails
  4610 | D:5      | Gained mutation: You are completely covered in slimy green
                  | scales. (AC +4, rPois) [demonic ancestry]
  4610 | D:5      | Reached XP level 8. HP: 52/60 MP: 9/11
  4681 | D:5      | Noticed Prince Ribbit
  4714 | D:5      | Killed Prince Ribbit
  4715 | D:5      | Reached skill level 4 in Maces & Flails
  4715 | D:5      | Reached skill level 3 in Armour
  4949 | D:5      | Reached skill level 4 in Armour
  5078 | D:5      | Noticed Edmund
  5090 | D:5      | Killed Edmund
  5134 | D:5      | Noticed Sigmund
  5140 | D:5      | Killed Sigmund
  5141 | D:5      | Reached skill level 5 in Fighting
  5141 | D:5      | Reached skill level 4 in Dodging
  5387 | D:5      | Reached skill level 5 in Maces & Flails
  5465 | D:6      | Noticed Blork the orc
  5471 | D:6      | Killed Blork the orc
  5472 | D:6      | Reached XP level 9. HP: 61/68 MP: 12/12
  5633 | D:6      | Noticed Menkaure
  5636 | D:6      | Killed Menkaure
  5807 | D:6      | Reached skill level 6 in Fighting
  5824 | D:6      | Reached skill level 6 in Maces & Flails
  6315 | D:6      | Found a blossoming altar of Fedhas.
  6539 | D:7      | Found Diamuink's Serpentskin Sales.
  6559 | D:7      | Reached skill level 7 in Maces & Flails
  6845 | D:7      | Noticed a gargoyle
  6865 | D:7      | Killed a gargoyle
  6866 | D:7      | Reached skill level 8 in Maces & Flails
  6950 | D:7      | Reached skill level 1 in Throwing
  7041 | D:7      | Noticed Maurice
  7052 | D:7      | Maurice stole the +4 long sword "Lubauwu" {drain, Int+3
                  | Dex+3}
  7059 | D:7      | Killed Maurice
  7060 | D:7      | Reached skill level 3 in Throwing
  7060 | D:7      | Reached XP level 10. HP: 76/76 MP: 13/13
  7223 | D:7      | Found a staircase to the Ecumenical Temple.
  7229 | Temple   | Entered the Ecumenical Temple
  7243 | Temple   | Became a worshipper of Makhleb the Destroyer
  7483 | D:8      | Noticed Maggie
  7498 | D:8      | Killed Maggie
  7499 | D:8      | Reached skill level 4 in Throwing
  7684 | D:8      | Reached skill level 7 in Fighting
  7863 | D:8      | Noticed Psyche
  7883 | D:8      | Killed Psyche
  7884 | D:8      | Reached skill level 8 in Fighting
  8104 | D:8      | Reached * piety under Makhleb
  8117 | D:8      | Reached skill level 9 in Fighting
  8237 | D:9      | Reached skill level 1 in Invocations
  8284 | D:9      | Reached skill level 2 in Invocations
  8297 | D:9      | Reached skill level 3 in Invocations
  8316 | D:9      | Reached skill level 4 in Invocations
  8512 | D:9      | Noticed Grum
  8541 | D:9      | HP: 2/83 [something (11)]
  8546 | D:9      | HP: 7/83 [Grum/+0 spear (6)]
  8546 | D:9      | Mangled by Grum

Vanquished Creatures
  Maurice (D:7)
  Maggie (D:8)
  Psyche (D:8)
  A gargoyle (D:7)
  A hornet (D:9)
  Prince Ribbit (D:5)
  Sigmund (D:5)
  A wyvern (D:8)
  10 yaks
  A vampire (D:8)
  A steam dragon (D:7)
  Menkaure (D:6)
  Edmund (D:5)
  2 water moccasins
  3 ice beasts
  An orc warrior (D:8)
  A black bear (D:7)
  3 sky beasts
  3 ogres
  A centaur (D:8)
  5 phantoms (D:5)
  Blork the orc (D:6)
  2 brain worms (Sewer)
  2 bullfrogs (D:8)
  2 gnoll sergeants
  2 scorpions (D:5)
  A water moccasin skeleton (D:5)
  A howler monkey (D:7)
  A centaur zombie (D:5)
  A bombardier beetle (D:5)
  An orc priest (D:7)
  2 bullfrog zombies (D:5)
  A gnoll bouda (D:7)
  3 hounds
  2 bullfrog skeletons (D:5)
  3 sleepcaps
  2 iguanas (D:6)
  9 orc wizards
  3 scorpion zombies (D:5)
  2 hound zombies (D:5)
  A hound skeleton (D:5)
  8 adders
  6 river rats (Sewer)
  15 gnolls
  5 dart slugs
  3 ribbon worms (D:4)
  19 orcs
  8 bats
  9 endoplasms
  A giant cockroach (D:1)
  5 goblins
  7 hobgoblins
  11 jackals
  2 quokkas
  12 ball pythons
  4 frilled lizards
  7 kobolds
  6 rats
211 creatures vanquished.
